 Dungeon Crawl Stone Soup version 0.27.0-1-g7a089689b8 (webtiles) character file.

Game seed: 17915739631779632495

55 RepoMan the Gusty (level 3, 0/16 HPs)
             Began as a Vine Stalker Air Elementalist on July 30, 2021.
             Slain by an adder (2 damage)
             ... on level 2 of the Dungeon.
             The game lasted 00:20:27 (1903 turns).

RepoMan the Gusty (Vine Stalker Air Elementalist)   Turns: 1903, Time: 00:20:28

Health: 0/16       AC:  3    Str:  7 (10) XL:     3   Next: 93%
Magic:  0/8        EV: 12    Int: 15 (16) God:
Gold:   51         SH:  0    Dex: 12 (14) Spells: 1/7 levels left

rFire    . . .     SeeInvis .   (no weapon)
rCold    . . .     Faith    .   (no shield)
rNeg     . . .     Spirit   +   a - +0 robe
rPois    .         Reflect  .   c - +1 hat
rElec    .         Harm     .   (no cloak)
rCorr    .         Rampage  .   (no gloves)
Will     .....                  (no boots)
Stlth    ++........             (no amulet)
HPRegen  0.05/turn              (no ring)
MPRegen  0.11/turn              (no ring)

@: lethally poisoned (0 -> -7)
A: fangs 2, magic shield, antimagic bite, no potion heal 2
a: no special abilities


You were on level 2 of the Dungeon.
You visited 1 branch of the dungeon, and saw 2 of its levels.

You collected 51 gold pieces.

Inventory:

Armour
 a - a +0 robe (worn)
 c - a +1 hat (worn)
Scrolls
 b - a scroll of identify {unknown}
 d - a scroll of blinking {unknown}
 e - 2 scrolls of enchant armour {unknown}


   Skills:
 - Level 1.5 Dodging
 - Level 2.4 Stealth
 + Level 2.8 Spellcasting
 + Level 1.9 Conjurations
 * Level 3.9 Air Magic


You had one spell level left.
You knew the following spells:

 Your Spells              Type           Power      Damage    Failure   Level
d - Static Discharge      Conj/Air       11%        N/A       9%          2
s - Swiftness             Air            14%        N/A       12%         3
z - Shock                 Conj/Air       44%        1d5       6%          1

Your spell library contained the following spells:

 Spells                   Type           Power      Damage    Failure   Level
 Airstrike                Air            7%         N/A       36%         4


Dungeon Overview and Level Annotations

Branches:
Dungeon (2/15)

Altars:

Annotations:
D:2 Natasha


Innate Abilities, Weirdness & Mutations

You have extremely sharp teeth.
When hurt, damage is shared between your health and your magic reserves.
Your bite disrupts and absorbs the magic of your enemies.
Potions cannot restore your health.


Message History

Casting: Shock (safe; 5% risk of failure)
Confirm with . or Enter, or press ? or * to list all spells.
Aiming: Shock (safe; 5% risk of failure)
Press: ? - help, Shift-Dir - straight line The zap misses the adder. x2; The adder bites you.
Unknown command.
Casting: Shock (safe; 5% risk of failure)
Confirm with . or Enter, or press ? or * to list all spells.
Aiming: Shock (safe; 5% risk of failure)
Press: ? - help, Shift-Dir - straight line The zap misses the adder. x2; The adder bites you.
You are poisoned.
The adder poisons you! The adder bites you.
You are more poisoned.
The adder poisons you!
Casting: Shock (safe; 5% risk of failure)
Confirm with . or Enter, or press ? or * to list all spells.
Aiming: Shock (safe; 5% risk of failure)
Press: ? - help, Shift-Dir - straight line
Okay, then.
Unknown command.
Unknown command.
Okay, then.
Unknown command.
Casting: Shock (safe; 5% risk of failure)
Confirm with . or Enter, or press ? or * to list all spells.
Aiming: Shock (safe; 5% risk of failure)
Press: ? - help, Shift-Dir - straight line The zap hits the adder.
The adder is moderately wounded.
The zap misses the adder.
* * * LOW HITPOINT WARNING * * *
You feel very sick. The adder closely misses you.
It was a potion of degeneration.
There was something very wrong with that liquid.
You feel weakened.
You feel dopey.
You feel clumsy.
* * * LOW HITPOINT WARNING * * *
You feel sick. The adder bites you.
You die...

... .. #S# .# #..## .#
#..#####.# .# ##...†.#.## #.#
#####....# ## #.# ####...##
.## #.# #..S†#..# ..# #.#
#.@..##.##### #.###.#
#...........# #.h.#.#
#.....(.....## ###...#
#.......†....# ##..#
#..†.........## ##.###
####.............## #...#
##.......########..#...
##h.###..##....#####.......†#
##..##.########.....###...w#


You could see an adder.

Vanquished Creatures
  2 adders (D:2)
  2 dart slugs (D:1)
  8 bats (D:1)
  4 endoplasms
  A giant cockroach (D:1)
  3 hobgoblins
  4 jackals
  A quokka (D:1)
  2 ball pythons (D:1)
  2 frilled lizards
  2 goblins (D:1)
  2 rats (D:1)
33 creatures vanquished.

Notes
Turn   | Place    | Note
-------+----------+-------------------------------------------
     0 | D:1      | RepoMan the Vine Stalker Air Elementalist began the quest
                  | for the Orb.
     0 | D:1      | Reached XP level 1. HP: 9/9 MP: 4/4
   267 | D:1      | Reached XP level 2. HP: 13/13 MP: 1/6
   270 | D:1      | Learned a level 2 spell: Static Discharge
   843 | D:1      | Found a faded altar of an unknown god.
  1177 | D:1      | Reached XP level 3. HP: 16/16 MP: 4/7
  1665 | D:2      | Learned a level 3 spell: Swiftness
  1686 | D:2      | Noticed Natasha
  1903 | D:2      | Slain by an adder

Illustrated notes

Levels and vault maps discovered:
D:1:      shiori_arrival_maze, layout_loops_ring, ebering_ecumenical_altar_rust,
          chequers_serial_rivers_small_3, kennysheep_doodads
D:2:      layout_rooms, uniq_natasha, uniq_sigmund

Action                   || total
-------------------------++-------
 Cast: Shock             ||    69
       Swiftness         ||     1
  Use: Potion            ||     1
Armor: Robe              ||     7
Dodge: Dodged            ||    25
